 Dungeon Crawl Stone Soup version 0.22-b1-21-g5cfc168 (webtiles) character file.

6186 tyranidshit the Fighter (level 10, -2/78 HPs)
             Began as a Demonspawn Abyssal Knight on Aug 5, 2018.
             Was a Priest of Lugonu.
             Slain by a vampire (6 damage)
             ... on level 9 of the Dungeon.
             The game lasted 00:28:51 (8487 turns).

tyranidshit the Fighter (Demonspawn Abyssal Knight) Turns: 8487, Time: 00:28:52

Health: -2/78      AC: 17    Str: 17      XL:     10   Next: 60%
Magic:  16/16      EV:  5    Int: 13      God:    Lugonu [***...]
Gold:   181        SH:  0    Dex: 11 (12) Spells: 9/9 levels left

rFire    . . .     SeeInvis .   p - +2 battleaxe (elec)
rCold    + . .     Gourm    .   (shield currently unavailable)
rNeg     . . .     Faith    .   v - +2 plate armour
rPois    +         Spirit   .   (helmet restricted)
rElec    +         Reflect  .   (no cloak)
rCorr    .         Harm     .   (no gloves)
MR       .....                  (no boots)
Stlth    ..........             (no amulet)
HPRegen  0.63/turn              j - ring of wizardry
MPRegen  0.15/turn              r - ring of protection from cold

@: confused
A: horns 1, thin metallic scales 2, demonic guardian 1, frail 1, mutation
resistance 1, poison resistance, regeneration 1, electricity resistance
a: Depart the Abyss, Bend Space, Banish, Renounce Religion


You were on level 9 of the Dungeon.
You worshipped Lugonu.
Lugonu was most pleased with you.
You were not hungry.

You visited 2 branches of the dungeon, and saw 11 of its levels.
You visited the Abyss 1 time.

You collected 581 gold pieces.
You spent 400 gold pieces at shops.

Inventory:

Hand Weapons
 a - a +2 hand axe
 p - a +2 battleaxe of electrocution (weapon)
 q - a +2 war axe of chopping
 u - a +0 broad axe
 w - the +5 flail "Detiopuyn" {protect, rElec rF+ Str-3 Int+3}
   (You bought it in a shop on level 9 of the Dungeon)

   It protects the one who uses it against injury (+AC on strike).
   It affects your strength (-3).
   It affects your intelligence (+3).
   It protects you from fire.
   It insulates you from electricity.
Armour
 n - a +1 chain mail
 v - a +2 plate armour (worn)
Jewellery
 e - an uncursed ring of stealth
 j - a ring of wizardry (left hand)
 k - an uncursed ring of poison resistance
 r - a ring of protection from cold (right hand)
 t - an uncursed ring of fire
 y - a -3 ring of strength
Wands
 o - a wand of paralysis (29)
Scrolls
 c - 6 scrolls of teleportation
 d - a scroll of magic mapping
 f - 6 scrolls of identify
 h - 2 scrolls of amnesia
 i - 2 scrolls of remove curse
 m - a scroll of fog
Potions
 b - 2 potions of invisibility
 l - a potion of brilliance
 s - a potion of mutation
 x - a potion of might
Comestibles
 g - 5 rations


   Skills:
 + Level 11.0 Fighting
 - Level 6.2 Axes
 - Level 5.0 Armour
 - Level 0.8 Dodging
 - Level 9.0 Invocations
 - Level 5.6 Evocations


You had 9 spell levels left.
You didn't know any spells.
Your spell library contained the following spells:

 Spells                   Type           Power        Failure   Level  Hunger
 Invisibility             Hex            #.......     100%        6    #######
 Swiftness                Chrm/Air       #.......     99%         2    ###....
 Passwall                 Tmut/Erth      #.......     99%         2    ###....
 Lee's Rapid Deconstruct  Erth           #.........   100%        5    ######.
 Passage of Golubria      Tloc           N/A          100%        4    #####..
 Darkness                 Hex            #.........   100%        6    #######


Dungeon Overview and Level Annotations

Branches:
Dungeon (10/15)            Temple (1/1) D:7            Lair (0/6) D:9
    Orc: D:9-12

Altars:
Ashenzari
Cheibriados
Dithmenos
Elyvilon
Fedhas
Gozag
Hepliaklqana
Kikubaaqudgha
Makhleb
Nemelex Xobeh
Okawaru
Qazlal
Ru
Sif Muna
Trog
Uskayaw
Vehumet
Wu Jian
Xom
Yredelemnul
Zin
The Shining One

Shops:
D:6 (   D:9 !:(

Annotations:
D:7 2 transporters, Lilu's ghost, novice DECj


Innate Abilities, Weirdness & Mutations

You have a pair of small horns on your head.
You are mostly covered in thin metallic scales. (AC +3)
A weak demonic guardian rushes to your aid.
You are frail. (-10% HP)
You are somewhat resistant to further mutation.
Your system is resistant to poisons. (rPois)
Your natural rate of healing is unusually fast.
You are resistant to electric shocks. (rElec)


Message History

Your ufetubus closely misses the vampire.
Your ufetubus barely misses the vampire.
Your ufetubus closely misses the vampire.
The vampire hits you.
* * * LOW HITPOINT WARNING * * *
The vampire bites you!
* * * LOW HITPOINT WARNING * * *
The vampire draws strength from your injuries!
You're too confused!
Unknown command.
Your ufetubus hits the vampire but does no damage.
Your ufetubus misses the vampire. The vampire hits you.
* * * LOW HITPOINT WARNING * * *
The vampire bites you but does no damage.
You bump into the rock wall.
Your ufetubus hits the vampire but does no damage.
Your ufetubus misses the vampire.
The vampire hits you but does no damage.
The vampire bites you.
You die...

#.##.#...####.# #(# #.##.##.##
#.# #.# #.##.##.# #.# #.#
#.##.##.#####.####.#
#.##.##.##....>..#.######
#.##.##.##.##.##.#(##...######
#.##.##.##.##.##.#(#(#....YY..
#.##.##.##.##.#5.[((##.##.####
#.##....##.##@V.#(..#########
#.............#.....#.....#.##
######..##....##....#≈≈≈≈≈'..#
##.....<...###...#.....#..#
#.#..............########.#
##..###..#.#####.#..#.....#
#..# #..#.##....#.........
#..# #..#.##.........#.###
#.<# #..#.##.^.....#.#.#


You could see a vampire and a friendly ufetubus.

Vanquished Creatures
  The ghost of barth the Warrior, a novice MiBe of Trog (D:9)
  Joseph (D:7)
  A hippogriff (D:7)
  A wyvern (D:10)
  3 yaks (D:9)
  A hungry ghost (D:9)
  A water moccasin (D:9)
  3 sky beasts
  A black bear (D:9)
  2 necrophages
  3 orc warriors
  3 ogres
  4 centaurs
  2 big kobolds
  6 bullfrogs
  A gnoll sergeant (D:7)
  2 scorpions
  6 killer bees
  2 howler monkeys
  3 crimson imps
  A quasit (D:9)
  A centaur zombie (D:5)
  2 bullfrog skeletons (D:5)
  5 hounds
  3 centaur skeletons
  4 orc priests
  2 jellies (D:9)
  Terence (D:3)
  6 orc wizards
  2 iguanas
  6 worker ants
  A worker ant zombie (D:7)
  9 adders
  3 gnolls (D:7)
  2 howler monkey skeletons
  3 shadow imps
  An ooze (D:5)
  An adder zombie (D:6)
  4 worms
  3 dart slugs
  A leopard gecko (D:3)
  25 orcs
  2 ball pythons
  6 bats
  7 giant cockroaches
  15 goblins
  12 hobgoblins
  3 jackals (D:1)
  2 quokkas
  4 frilled lizards
  15 kobolds
  A leopard gecko skeleton (D:5)
  11 rats
211 creatures vanquished.

Vanquished Creatures (collateral kills)
  A hungry ghost (D:7)
  An ice beast (D:8)
  5 ogres
  3 killer bees
  A howler monkey (D:5)
  A quasit (D:6)
  Jessica (D:2)
  3 worker ants
  Robin (D:3)
  An ooze (D:4)
  7 orcs
  4 jackals (D:8)
  A quokka (D:8)
  A kobold (D:9)
31 creatures vanquished.

Grand Total: 242 creatures vanquished

Notes
Turn   | Place    | Note
-------+----------+-------------------------------------------
     0 | Abyss:1  | tyranidshit the Demonspawn Abyssal Knight began the quest for the Orb.
     0 | Abyss:1  | Reached XP level 1. HP: 18/18 MP: 2/2
    40 | Abyss:2  | Found a shattered altar of Ashenzari.
    62 | Abyss:3  | Noticed a swamp dragon
    62 | Abyss:3  | Noticed a thrashing horror
    63 | Abyss:3  | Noticed a tentacled starspawn
    63 | Abyss:3  | Noticed an apocalypse crab
    64 | Abyss:3  | Noticed a satyr
    64 | D:1      | Escaped the Abyss
   377 | D:1      | Gained mutation: You are partially covered in thin metallic scales. (AC +2) [demonic ancestry]
   377 | D:1      | Reached XP level 2. HP: 19/24 MP: 3/3
   396 | D:1      | Reached * piety under Lugonu
   479 | D:1      | Reached skill level 4 in Fighting
   627 | D:1      | Gained mutation: A weak demonic guardian rushes to your aid. [demonic ancestry]
   627 | D:1      | Reached XP level 3. HP: 28/30 MP: 4/4
  1218 | D:2      | Found a radiant altar of Vehumet.
  1227 | D:2      | Noticed Jessica
  1241 | D:2      | Killed Jessica
  1270 | D:2      | Gained mutation: Your flesh is cold resistant. (rC+) [potion of mutation]
  1270 | D:2      | Gained mutation: You possess an exceptional clarity of mind. [potion of mutation]
  1270 | D:2      | Gained mutation: You are weak. (Str -2) [potion of mutation]
  1270 | D:2      | Gained mutation: You have a pair of small horns on your head. [potion of mutation]
  1271 | D:2      | Lost mutation: You possess an exceptional clarity of mind. [potion of mutation]
  1271 | D:2      | Lost mutation: Your flesh is cold resistant. (rC+) [potion of mutation]
  1271 | D:2      | Gained mutation: You are frail. (-10% HP) [potion of mutation]
  1271 | D:2      | Gained mutation: Your natural rate of healing is unusually fast. [potion of mutation]
  1271 | D:2      | Gained mutation: Your magical capacity is low. (-10% MP) [potion of mutation]
  1271 | D:2      | Gained mutation: You are resistant to electric shocks. (rElec) [potion of mutation]
  1294 | D:2      | Reached XP level 4. HP: 29/34 MP: 5/5
  1441 | D:2      | Reached skill level 5 in Fighting
  1964 | D:3      | Lost mutation: You are weak. (Str -2) [potion of mutation]
  1964 | D:3      | Lost mutation: Your magical capacity is low. (-10% MP) [potion of mutation]
  1964 | D:3      | Gained mutation: You are somewhat resistant to further mutation. [potion of mutation]
  1964 | D:3      | Gained mutation: Your system is resistant to poisons. (rPois) [potion of mutation]
  2016 | D:3      | Found a sparkling altar of Nemelex Xobeh.
  2040 | D:3      | Reached ** piety under Lugonu
  2114 | D:3      | Noticed Robin
  2131 | D:3      | Killed Robin
  2132 | D:3      | Reached XP level 5. HP: 16/41 MP: 6/6
  2377 | D:3      | Found a faded altar of an unknown god.
  2416 | D:3      | Noticed Terence
  2427 | D:3      | Killed Terence
  2427 | D:3      | Reached skill level 6 in Fighting
  2835 | D:4      | Noticed an ogre
  2863 | D:4      | Killed an ogre
  2863 | D:4      | Reached XP level 6. HP: 46/46 MP: 7/7
  3545 | D:4      | Reached XP level 7. HP: 51/52 MP: 8/8
  3557 | D:4      | Reached *** piety under Lugonu
  3557 | D:4      | Reached skill level 5 in Armour
  3677 | D:5      | Entered Level 5 of the Dungeon
  3784 | D:5      | Found an opulent altar of Gozag.
  4062 | D:5      | Reached skill level 5 in Axes
  4117 | D:5      | Gained mutation: You are mostly covered in thin metallic scales. (AC +3) [demonic ancestry]
  4117 | D:5      | Reached XP level 8. HP: 55/57 MP: 9/9
  4407 | D:6      | Found Taorgh's Weapon Boutique.
  4524 | D:6      | Reached **** piety under Lugonu
  5187 | D:7      | Noticed Joseph
  5197 | D:7      | Killed Joseph
  5197 | D:7      | Reached skill level 5 in Invocations
  5253 | D:7      | Reached XP level 9. HP: 11/62 MP: 14/14
  5536 | D:7      | Found a transporter.
  5563 | D:7      | Found a staircase to the Ecumenical Temple.
  5708 | D:7      | Reached skill level 5 in Evocations
  5883 | D:7      | Found a transporter.
  5883 | D:7      | Noticed a deep elf mage
  5883 | D:7      | Noticed Lilu's ghost (novice DECj)
  6103 | Temple   | Entered the Ecumenical Temple
  6532 | D:8      | Reached skill level 7 in Fighting
  6789 | D:9      | Found a staircase to the Lair.
  6790 | D:9      | Noticed a death yak
  6790 | D:9      | Noticed a death yak
  6791 | D:9      | Noticed a death yak
  6917 | D:9      | Reached skill level 8 in Fighting
  6934 | D:9      | Found Doal's Distillery.
  6969 | D:9      | Found Mohoq's Book Emporium.
  6997 | D:9      | Reached ***** piety under Lugonu
  7052 | D:9      | Found Zudita's Antique Weapon Shop.
  7062 | D:9      | Bought a broad axe for 128 gold pieces
  7078 | D:9      | Bought a steaming flail for 272 gold pieces
  7078 | D:9      | Identified the +5 flail "Detiopuyn" {protect, rElec rF+ Str-3 Int+3} (You bought it in a shop on level 9 of the Dungeon)
  7211 | D:9      | Mutation became permanent: You have a pair of small horns on your head. [demonic ancestry]
  7211 | D:9      | Gained mutation: You have a pair of small horns on your head. [demonic ancestry]
  7211 | D:9      | Reached XP level 10. HP: 67/72 MP: 16/16
  7297 | D:9      | Banished a death yak
  7788 | D:9      | Reached skill level 9 in Fighting
  7945 | D:9      | Found a runed door.
  7945 | D:9      | Noticed barth's ghost (novice MiBe)
  8002 | D:9      | Killed barth's ghost
  8002 | D:9      | Reached skill level 10 in Fighting
  8215 | D:10     | Entered Level 10 of the Dungeon
  8473 | D:9      | Reached skill level 11 in Fighting
  8486 | D:9      | HP: 3/78 [vampire (5)]
  8487 | D:9      | Slain by a vampire

Skill      XL: |  1  2  3  4  5  6  7  8  9 10 |
---------------+-------------------------------+-----
Fighting       | 4 5 6 8 11 | 11.0
Armour         | 3 4 5 |  5.0
Axes           | 5 6 |  6.2
Invocations    | 6 9 |  9.0
Evocations     | 3 5 |  5.6
Dodging        | |  0.8

Action                   |  1- 3 |  4- 6 |  7- 9 | 10-12 || total
-------------------------+-------+-------+-------+-------++-------
Melee: Hand axe          |   137 |   146 |       |       ||   283
       Headbutt          |     1 |    28 |    47 |    23 ||    99
       Battleaxe         |       |    13 |   326 |   112 ||   451
       Flail             |       |       |    32 |    53 ||    85
Invok: Depart the Abyss  |     1 |       |       |       ||     1
       Banish            |       |       |     3 |    10 ||    13
       Bend Space        |       |       |       |     4 ||     4
Evoke: Wand              |       |       |     1 |     2 ||     3
  Use: Scroll            |     2 |     6 |    11 |     1 ||    20
       Potion            |     2 |     7 |     5 |     2 ||    16
 Stab: Sleeping          |     1 |       |       |       ||     1
       Distracted        |       |       |     3 |       ||     3
       Invisible         |       |       |     1 |       ||     1
       Paralysed         |       |       |     2 |       ||     2
  Eat: Ration            |     1 |     2 |     5 |     3 ||    11
       Chunk             |       |       |     2 |       ||     2
Armor: Leather armour    |    67 |    16 |       |       ||    83
       Ring mail         |       |    15 |       |       ||    15
       Scale mail        |       |    28 |    43 |       ||    71
       Chain mail        |       |       |   214 |       ||   214
       Skin              |       |       |    15 |       ||    15
       Plate armour      |       |       |    37 |   246 ||   283
Dodge: Dodged            |   112 |    83 |   155 |    57 ||   407
